AoeStats
← kekek

Lombardia

507791371Analyzed
4v4 RM · 12d ago on Sep 19, 2026· 62m 10s· 8 players
Game mode
Random Map
Map size
Large (8 player)
Population
200
Speed
Normal
Resources
Standard
Victory
Conquest
Starting age
Dark Age
Ending age
Imperial Age
RankedLock teamsTeams togetherTeam positionsShared explorationLock speedFull tech treeHidden civsTurbo modeCheats
Victory
Defeat
🇫🇷 Hindustanis · France
1271
+14
🇮🇪 Koreans · Ireland
1242
+15
🇺🇸 Cumans · United States
1214
+17
🇨🇴 Sicilians · Colombia
1201
+17
🇧🇷 Magyars · Brazil
1290
-18
🇯🇵 Spanish · Japan
1214
-15
🇨🇱 Sicilians · Chile
1212
-15
🇻🇳 Jurchens · Vietnam
1205
-15
tracter3515
0:48 Loom
11:08 Feudal Age
17:03 Bloodlines
21:04 Castle Age
19:52 Forging
20:37 Scale Barding Armor
20:30 Horse Collar
22:35 Wheelbarrow
21:46 Light Cavalry
27:33 Iron Casting
27:55 Heavy Plow
28:03 Double-Bit Axe
28:25 Gold Mining
29:01 Chain Barding Armor
31:58 Hand Cart
42:05 Imperial Age
41:27 Caravan
42:28 Elite Steppe Lancer
43:48 Plate Barding Armor
45:36 Blast Furnace
53:00 Hussar
61:03 Town Watch
GreyZepher
11:14 Feudal Age
14:53 Castle Age
14:42 Double-Bit Axe
15:56 Bow Saw
20:41 Horse Collar
21:50 Fletching
23:57 Bodkin Arrow
27:40 Ballistics
31:40 Wheelbarrow
33:49 Imperial Age
34:16 Gold Mining
35:01 Conscription
35:29 Wheelbarrow
34:44 Loom
34:32 Elite War Wagon
35:23 Bracer
36:39 Two-Man Saw
35:47 Heavy Plow
35:54 Husbandry
36:57 Siege Engineers
38:28 Scale Mail Armor
38:39 Forging
39:35 Squires
41:28 Chemistry
40:49 Chain Mail Armor
39:58 Pikeman
41:31 Hand Cart
41:58 Gold Shaft Mining
40:59 Halberdier
42:15 Plate Mail Armor
42:33 Iron Casting
42:34 Caravan
50:35 Town Watch
51:21 Masonry
50:52 Treadmill Crane
52:58 Scale Barding Armor
55:41 Coinage
55:48 Shinkichon
56:46 Heavy Rocket Cart
ArianaVro
10:28 Feudal Age
14:27 Castle Age
16:02 Fletching
15:58 Town Watch
16:01 Loom
16:04 Double-Bit Axe
23:46 Horse Collar
28:23 Bow Saw
29:33 Heavy Plow
30:36 Wheelbarrow
32:41 Hand Cart
38:18 Imperial Age
36:11 Forging
35:56 Bodkin Arrow
36:07 Scale Barding Armor
36:37 Gold Mining
36:37 Stone Mining
37:36 Bloodlines
37:27 Husbandry
38:05 Iron Casting
38:31 Masonry
39:26 Chain Barding Armor
39:55 Caravan
40:36 Light Cavalry
42:20 Blast Furnace
41:20 Murder Holes
41:37 Cavalier
46:47 Plate Barding Armor
47:45 Bracer
49:06 Chemistry
47:51 Arrowslits
48:27 Ballistics
48:13 Siege Engineers
48:51 Hauberk
54:14 Hoardings
57:17 Light Cavalry
61:17 Coinage
60:57 Guilds
Psychedelonaut
9:26 Loom
11:12 Feudal Age
13:04 Double-Bit Axe
15:42 Castle Age
16:39 Wheelbarrow
16:54 Horse Collar
17:27 Bow Saw
18:18 Heavy Plow
22:37 Town Watch
23:37 Bloodlines
23:28 Husbandry
23:46 Forging
28:59 Iron Casting
28:30 Scale Barding Armor
30:06 Fortified Wall
30:07 Masonry
30:36 Hand Cart
31:53 Chain Barding Armor
36:36 Imperial Age
36:18 Padded Archer Armor
37:33 Shatagni
37:54 Conscription
38:37 Blast Furnace
38:13 Plate Barding Armor
39:03 Chemistry
38:23 Ballistics
37:33 Heavy Camel Rider
39:52 Imperial Camel Rider
41:54 Leather Archer Armor
46:43 Ring Archer Armor
46:20 Siege Engineers
46:54 Caravan
47:01 Grand Trunk Road
53:00 Murder Holes
nborgesfilho
11:43 Feudal Age
15:32 Castle Age
14:27 Double-Bit Axe
15:43 Horse Collar
16:11 Fletching
18:56 Loom
26:40 Bow Saw
29:10 Wheelbarrow
28:48 Bloodlines
28:43 Husbandry
29:31 Bodkin Arrow
29:56 Padded Archer Armor
31:55 Leather Archer Armor
32:02 Ballistics
31:49 Thumb Ring
36:20 Imperial Age
35:03 Caravan
36:44 Hand Cart
36:34 Corvinian Army
36:52 Scale Barding Armor
37:49 Parthian Tactics
37:41 Heavy Plow
37:13 Heavy Cavalry Archer
38:31 Bracer
40:57 Chemistry
41:56 Ring Archer Armor
41:47 Chain Barding Armor
42:10 Conscription
41:47 Gold Mining
41:48 Stone Mining
42:50 Recurve Bow
47:20 Elite Magyar Huszar
48:51 Siege Engineers
48:57 Masonry
50:05 Plate Barding Armor
53:15 Murder Holes
FoldedAunt23528
10:35 Feudal Age
11:30 Loom
15:32 Castle Age
14:08 Double-Bit Axe
14:57 Horse Collar
16:40 Bow Saw
19:31 Stone Mining
22:04 Heavy Plow
23:31 Town Watch
24:50 Wheelbarrow
25:20 Gold Mining
27:07 Scale Barding Armor
26:54 Fletching
28:43 Chain Barding Armor
28:19 Bodkin Arrow
29:14 Stone Shaft Mining
29:13 Hand Cart
35:29 Imperial Age
33:05 Caravan
33:35 Coinage
38:10 Two-Man Saw
37:51 Plate Barding Armor
37:28 Forging
37:18 Bracer
37:19 Padded Archer Armor
36:44 Elite Conquistador
38:47 Cavalier
39:27 Husbandry
39:37 Bloodlines
41:55 Iron Casting
40:47 Paladin
45:17 Blast Furnace
44:39 Ballistics
45:31 Chemistry
48:32 Light Cavalry
50:27 Padded Archer Armor
50:28 Scale Mail Armor
50:44 Masonry
50:31 Murder Holes
50:34 Hussar
53:18 Conscription
Cuervo.AOE
6:42 Loom
9:18 Feudal Age
10:41 Double-Bit Axe
10:40 Horse Collar
15:33 Scale Barding Armor
17:16 Wheelbarrow
21:38 Castle Age
20:17 Bloodlines
21:47 Forging
23:03 Bow Saw
23:28 Husbandry
26:27 Light Cavalry
28:01 Chain Barding Armor
30:39 Heavy Plow
31:42 Iron Casting
34:06 Fletching
35:55 Hand Cart
40:02 Imperial Age
37:40 Gold Mining
38:49 Pikeman
39:29 Squires
39:41 Scale Mail Armor
39:30 Arson
40:41 Chain Mail Armor
40:36 Bodkin Arrow
40:11 Halberdier
41:55 Blast Furnace
41:09 Caravan
41:48 Conscription
42:44 Plate Mail Armor
44:44 Cavalier
46:10 Plate Barding Armor
47:04 Hauberk
46:21 Elite Serjeant
47:22 First Crusade
47:57 Crop Rotation
48:54 Bracer
56:45 Murder Holes
57:21 Ballistics
58:01 Chemistry
kekek
4:21 Loom
6:43 Loom
9:52 Feudal Age
11:13 Double-Bit Axe
11:50 Horse Collar
13:22 Town Watch
18:01 Castle Age
16:41 Bloodlines
18:00 Stone Mining
18:03 Gold Mining
18:57 Husbandry
20:00 Wheelbarrow
24:38 Heavy Plow
30:13 Scale Barding Armor
30:55 Forging
32:48 Bow Saw
33:14 Gold Shaft Mining
33:14 Stone Shaft Mining
35:23 Chain Barding Armor
35:39 Iron Casting
41:01 Imperial Age
39:53 Scale Mail Armor
40:06 Light Cavalry
42:03 Conscription
41:10 Elite Iron Pagoda
44:24 Chemistry
43:47 Ballistics
46:55 Hussar
51:08 Caravan
56:15 Elite Skirmisher
57:13 Fletching
58:04 Plate Barding Armor
62:21 Padded Archer Armor
62:16 Bodkin Arrow
Connection lost

Rejoining the realm…

Still unreachable

The connection could not be restored.

Session expired

The server has moved on; the page needs a fresh start.